Map: Ley Lines

Players

KimChiLoVer - Winner!

  • Race: Terran Terran
  • Spawn Location: 1:00

VOD

Have the link to the VOD?

Description

Time

  • Played on: Aug. 10, 2025, 8:26 p.m.
  • Length: 10:10
Show
View Real Time Build Order
Export as new Build Order

KimChiLoVer Terran - Winner!

Build Orders: Reaper Expand 

Get SALT Encoding   

  12  0:02  SCV  
  12  0:14  SCV  
  12  0:18  Supply Depot  
  12  0:26  SCV  
  12  0:39  SCV  
  12  0:40  Barracks  
  12  0:44  Refinery  
  12  0:52  SCV  
  12  1:04  SCV  
  12  1:16  SCV  
  12  1:28  Orbital Command  
  12  1:29  Reaper  
  12  1:40  Command Center  
  12  1:50  Supply Depot  
  12  1:54  SCV  
  12  2:04  Factory  
  12  2:05  Marine  
  12  2:07  SCV  
  12  2:11  Refinery  
  12  2:28  Barracks  
  12  2:33  SCV  
  12  2:34  Barracks  
  12  2:39  Barracks Reactor  
  12  2:45  SCV  
  12  2:48  Factory Tech Lab  
  12  2:53  Orbital Command  
  12  2:57  SCV  
  12  3:15  Marine x2  
  12  3:22  SCV  
  12  3:25  Command Center  
  12  3:29  SCV  
  12  3:34  Starport  
  12  3:36  Factory Reactor  
  12  3:38  Marine  
  12  3:42  Stimpack  
  12  3:45  Marine  
  12  3:51  Marine x2  
  12  3:53  SCV  
  12  3:55  SCV  
  12  3:56  Marine  
  12  4:04  Engineering Bay  
  12  4:05  SCV  
  12  4:08  Engineering Bay  
  12  4:20  Barracks  
  12  4:22  Barracks  
  12  4:28  SCV  
  12  4:32  Factory Tech Lab  
  12  4:36  Terran Infantry Weapons Level 1  
  12  4:39  Terran Infantry Armor Level 1  
  12  4:41  SCV  
  12  4:45  SCV  
  12  4:50  Orbital Command  
  12  4:54  Medivac  
  12  4:58  Medivac  
  12  5:01  Barracks Tech Lab  
  12  5:03  Marine  
  12  5:05  SCV x2  
  12  5:14  Orbital Command, Refinery  
  12  5:15  Siege Tank  
  12  5:16  Marine  
  12  5:19  Barracks Reactor  
  12  5:20  Barracks Tech Lab  
  12  5:25  SCV  
  12  5:27  Refinery  
  12  5:33  Supply Depot  
  12  5:36  Armory  
  12  5:37  SCV x2  
  12  5:41  SCV  
  12  5:44  Combat Shield  
  12  5:56  SCV  
  12  6:00  SCV  
  12  6:03  SCV  
  12  6:04  Marine x4  
  12  6:05  Medivac x2  
  12  6:09  SCV  
  12  6:12  SCV  
  12  6:13  Barracks  
  12  6:15  Barracks, SCV  
  12  6:18  Barracks  
  12  6:21  Supply Depot, SCV  
  12  6:24  SCV  
  12  6:25  Marine x2  
  12  6:28  SCV  
  12  6:29  Marine x3  
  12  6:31  Concussive Shells  
  12  6:34  Terran Infantry Weapons Level 2  
  12  6:40  Terran Infantry Armor Level 2  
  12  6:43  SCV x2  
  12  6:45  SCV  
  12  6:50  Supply Depot, Marine x2  
  12  6:51  Marine  
  12  6:55  Marine x2  
  12  6:58  SCV x3  
  12  7:02  Barracks Tech Lab  
  12  7:03  Barracks Reactor  
  12  7:07  Barracks Reactor  
  12  7:09  Medivac  
  12  7:10  SCV x2  
  12  7:12  SCV  
  12  7:22  SCV  
  12  7:24  Marauder x2, Marine x2  
  12  7:34  Supply Depot x2, SCV, Marine x4  
  12  7:35  SCV x2  
  12  7:41  Supply Depot  
  12  7:42  Marine  
  12  7:43  Supply Depot  
  12  7:46  SCV, Marine x2  
  12  7:47  SCV x2, Marauder  
  12  7:56  Command Center  
  12  7:59  SCV  
  12  8:02  Marauder, Marine x3  
  12  8:10  Starport  
  12  8:12  Supply Depot, SCV x3  
  12  8:18  Refinery  
  12  8:19  Refinery  
  12  8:22  Marauder x3  
  12  8:24  SCV  
  12  8:30  Siege Tank  
  12  8:40  Supply Depot  
  12  8:41  Marauder, Marine x2  
  12  8:42  Marine x3  
  12  8:43  Marauder x3  
  12  8:46  Viking  
  12  8:50  Starport Reactor  
  12  8:51  Viking  
  12  8:55  Marine x2  
  12  8:56  Marine  
  12  8:59  Marine x5  
  12  9:09  Supply Depot  
  12  9:10  Supply Depot  
  12  9:31  Marauder x2, Marine x6  
  12  9:36  Viking x2  
  12  9:37  Viking x2  
  12  9:38  Siege Tank  
  12  9:41  Marauder  
Tags
 
Add a new tag
Caveats
  • Supply blocks, unpowered buildings, or Contaminate may cause inaccurate times.
  • Supply counts are checked every 10 seconds.